 Dungeon Crawl Stone Soup version 0.16.0-17-g811c1d7 (webtiles) character file.

455 wojtek the Slicer (level 7, -1/41 HPs)
             Began as a Kobold Assassin on Mar 21, 2015.
             Was an Initiate of Makhleb.
             Shot with an arrow by a centaur (17 damage)
             ... on level 5 of the Dungeon.
             The game lasted 00:08:39 (4002 turns).

wojtek the Slicer (Kobold Assassin)                 Turns: 4002, Time: 00:08:39

Health: -1/41      AC:  4    Str:  9    XL:     7   Next: 26%
Magic:  9/9        EV: 16    Int: 11    God:    Makhleb [......]
Gold:   223        SH:  0    Dex: 18    Spells: 0 memorised, 6 levels left

rFire  . . .     SeeInvis .     a - +2 dagger (venom)
rCold  . . .     Clarity  .     c - +0 robe
rNeg   . . .     SustAb   .     (no shield)
rPois  .         Gourm    .     (no helmet)
rElec  .         Spirit   .     d - +0 cloak
rCorr  .         Warding  .     j - +0 pair of gloves
rMut   .         Stasis   .     (no boots)
MR     .....                    (no amulet)
Stlth  +++.......               (no ring)
                                (no ring)

@: not resistant to hostile enchantments, fairly stealthy
A: carnivore 3
a: Renounce Religion


You were on level 5 of the Dungeon.
You worshipped Makhleb.
Makhleb was noncommittal.
You were completely stuffed.

You visited 2 branches of the dungeon, and saw 6 of its levels.

You collected 223 gold pieces.

Inventory:

Hand weapons
 a - a +2 dagger of venom (weapon)
 b - a +0 blowgun
 v - a +2 dagger
Missiles
 e - 13 poisoned needles
 f - 2 curare-tipped needles
 x - 8 silver tomahawks (quivered)
Armour
 c - a +0 robe (worn)
 d - a +0 cloak (worn)
 j - a +0 pair of gloves (worn)
Scrolls
 k - a scroll of noise
 l - 2 scrolls of remove curse
 m - 2 scrolls of enchant weapon {unknown}
 n - 4 scrolls of identify
 o - 3 scrolls of teleportation
 r - 2 scrolls of blinking {unknown}
 s - 2 scrolls of enchant armour {unknown}
Potions
 h - a potion of agility {unknown}
 i - 4 potions of resistance {unknown}
 p - a potion of poison {unknown}
 q - a potion of brilliance {unknown}
 t - a potion of curing
 w - a potion of restore abilities {unknown}
 z - a potion of degeneration {unknown}
 A - a potion of decay {unknown}
Comestibles
 g - 5 meat rations
 u - a beef jerky


   Skills:
 + Level 3.2 Fighting
 - Level 8.2 Short Blades
 - Level 2.6 Throwing
 + Level 2.8 Dodging
 - Level 5.3 Stealth
 + Level 2.0 Invocations


You had 6 spell levels left.
You didn't know any spells.

Dungeon Overview and Level Annotations

Branches:
Dungeon (5/15)             Temple (1/1) D:4

Altars:
Cheibriados
Elyvilon
Makhleb
Nemelex Xobeh
Okawaru
Qazlal
Sif Muna
Vehumet
Xom
Yredelemnul
Zin
The Shining One

Shops:
D:4 %[?!


Innate Abilities, Weirdness & Mutations

You are small and have problems with some larger weapons.
You are carnivorous and can eat meat at any time.


Message History

You see here a bat corpse.
You butcher the bat corpse.
B - a chunk of flesh You see here a bat skeleton.
Eat a chunk of flesh? (ye/n/q/i?) This raw flesh tastes great.
You continue eating. x2
A centaur comes into view.
You see here a scroll labeled LUCOCZ XUZIGEU.
A centaur is nearby!
The centaur wields a glowing shortbow.
The centaur shoots an arrow.
The arrow hits you!
You see here an arrow.
The centaur shoots an arrow.
The arrow barely misses you.
The centaur shoots an arrow.
The arrow hits you!
You see here an arrow.
The centaur shoots an arrow.
The arrow completely misses you.
You see here an arrow.
The centaur shoots an arrow.
The arrow hits you!
You die...

########## #........###
#..........# #..#.#.#.#.# .
######..........# ...
#.......#.#.#.#@####......
#....รท.........(((.....c..
#.......#.#.#.#.####......
.#...............# ...
.........#.#.#.#.# .
.................#
.......########### #####.##
####.#######


You could see a centaur.

Vanquished Creatures
  A sky beast (D:5)
  An ice beast (D:5)
  A scorpion (D:4)
  An orc wizard (D:3)
  2 worker ants
  5 adders
  A giant mite (D:3)
  A worm (D:2)
  2 giant geckos (D:2)
  An ooze (D:1)
  11 orcs
  6 giant cockroaches
  10 hobgoblins
  4 jackals (D:3)
  14 kobolds
  A quokka (D:4)
  3 ball pythons
  9 bats
  7 giant newts
  9 goblins
  10 rats
100 creatures vanquished.

Notes
Turn   | Place    | Note
--------------------------------------------------------------
     0 | D:1      | wojtek, the Kobold Assassin, began the quest for the Orb.
     0 | D:1      | Reached XP level 1. HP: 12/12 MP: 1/1
   236 | D:1      | Reached XP level 2. HP: 17/17 MP: 2/2
   673 | D:2      | Reached XP level 3. HP: 21/21 MP: 3/3
  1001 | D:2      | Reached skill level 5 in Short Blades
  1006 | D:2      | Reached XP level 4. HP: 23/26 MP: 4/4
  1694 | D:3      | Reached skill level 6 in Short Blades
  1884 | D:3      | Reached XP level 5. HP: 30/30 MP: 5/5
  2236 | D:3      | Reached skill level 7 in Short Blades
  2244 | D:3      | HP: 1/30 [orc/club (2)]
  3083 | D:4      | Found Wuat's Magic Scroll Shop.
  3084 | D:4      | Found Wyostronn's Antique Armour Shoppe.
  3091 | D:4      | Reached XP level 6. HP: 35/35 MP: 6/6
  3110 | D:4      | Found Pnyn's Food Emporium.
  3318 | D:4      | Found a staircase to the Ecumenical Temple.
  3323 | D:4      | Reached skill level 8 in Short Blades
  3337 | Temple   | Entered the Ecumenical Temple
  3424 | Temple   | Became a worshipper of Makhleb the Destroyer
  3532 | D:4      | Found Schaet's Distillery.
  3823 | D:5      | Entered Level 5 of the Dungeon
  3823 | D:5      | Noticed a sky beast
  3825 | D:5      | Killed a sky beast
  3825 | D:5      | Reached skill level 1 in Invocations
  3826 | D:5      | Noticed an ice beast
  3827 | D:5      | Killed an ice beast
  3827 | D:5      | Reached XP level 7. HP: 38/41 MP: 6/8
  4002 | D:5      | Shot with an arrow by a centaur

Action                   |  1- 3 |  4- 6 |  7- 9 || total
-------------------------+-------+-------+-------++-------
Melee: Dagger            |    62 |   129 |     6 ||   197
  Use: Scroll            |       |     4 |       ||     4
 Stab: Sleeping          |    15 |    14 |       ||    29
       Distracted        |     1 |       |       ||     1
  Eat: Chunk             |     7 |    10 |     1 ||    18
